 Dungeon Crawl Stone Soup version 0.28.0-47-ge53b351184 (webtiles) character file.

Game seed: 11512187328435144367

822 Kangaroobicon the Chopper (level 7, -13/58 HPs)
             Began as a Palentonga Fighter on Apr 26, 2022.
             Was an Initiate of the Shining One.
             Mangled by Duvessa
             ... wielding a +0 short sword
              (14 damage)
             ... on level 5 of the Dungeon.
             The game lasted 00:29:06 (3591 turns).

Kangaroobicon the Chopper (Palentonga Fighter)      Turns: 3591, Time: 00:29:09

Health: -13/58     AC: 19    Str: 19    XL:     7   Next: 63%
Magic:  7/7        EV:  7    Int:  8    God:    the Shining One [......]
Gold:   193        SH:  4    Dex: 12    Spells: 6/6 levels left

rFire   . . .      SeeInvis +   a - +0 war axe
rCold   + . .      Faith    .   c - +0 buckler
rNeg    + . .      Spirit   .   n - +4 scale mail {rC+}
rPois   .          Reflect  .   b - +0 helmet
rElec   .          Harm     .   (no cloak)
rCorr   .          Rampage  .   (no gloves)
Will    .....                   (no barding)
Stlth   ..........              (no amulet)
HPRegen 0.19/turn               i - ring of positive energy
MPRegen 0.10/turn               (no ring)

@: lethally poisoned (-13 -> -13), hasted, glowing, curled up, very quick
A: large, rugged brown scales 3, see invisible, deformed body, roll 1, armoured
tail, reflexive curl
a: Rolling Charge, Renounce Religion


You were on level 5 of the Dungeon.
You worshipped the Shining One.
The Shining One was noncommittal.
You visited 1 branch of the dungeon, and saw 5 of its levels.
You also visited: Sewer.

You collected 193 gold pieces.

Inventory:

Hand Weapons
 a - a +0 war axe (weapon)
 o - a +2 short sword of flaming
Missiles
 d - a curare-tipped dart
 e - 7 poisoned darts (quivered)
Armour
 b - a +0 helmet (worn)
 c - a +0 buckler (worn)
 j - a +2 hat
 n - a +4 scale mail of cold resistance (worn)
Jewellery
 i - a ring of positive energy (left hand)
Scrolls
 f - 3 scrolls of immolation
 g - 2 scrolls of vulnerability {unknown}
 m - 2 scrolls of blinking {unknown}
 t - a scroll of fog {unknown}
 u - a scroll of enchant weapon {unknown}
Potions
 h - a potion of brilliance
 k - a potion of mutation
 p - 2 potions of flight
 q - a potion of haste
 s - a potion of invisibility {unknown}


   Skills:
 + Level 4.3 Fighting
 + Level 5.9 Axes
 + Level 4.3 Armour
 + Level 1.5 Dodging
 + Level 3.4 Shields


You had 6 spell levels left.
You didn't know any spells.
Your spell library contained the following spells:

 Spells                   Type           Power      Damage    Failure   Level
 Summon Small Mammal      Summ           0%         N/A       83%         1
 Blink                    Tloc           0%         N/A       93%         2
 Call Canine Familiar     Summ           0%         N/A       99%         3
 Lesser Beckoning         Tloc           0%         N/A       99%         3
 Summon Guardian Golem    Hex/Summ       0%         N/A       99%         3
 Manifold Assault         Tloc           0%         N/A       100%        5


Dungeon Overview and Level Annotations

Branches:
Dungeon (5/15)              Sewer (visited)
 Temple: D:4-7

Altars:
Fedhas
Gozag
Vehumet
The Shining One

Annotations:
D:5 Duvessa


Innate Abilities, Weirdness & Mutations

You are completely covered in rugged brown scales. (AC +3, +7% HP)
You have supernaturally acute eyesight. (SInv)
Armour fits poorly on your strangely shaped body.
You can roll at nearby foes to attack.
You have a long armoured tail.
You curl defensively after being hit. (AC +7*)


Message History

The scorpion stings you.
You are poisoned.
The scorpion poisons you!
You slash Dowan!
You kill Dowan!
Duvessa screams, "No!
How DARE you!"
Duvessa goes berserk!
You hit the scorpion. You hit Duvessa but do no damage.
You feel sick. Duvessa hits you with a +0 short sword.
You block Duvessa's attack.
The scorpion stings you but does no damage.
You barely miss Duvessa. You slash the scorpion!
You hit the iguana but do no damage.
You feel sick. Duvessa hits you with a +0 short sword.
The scorpion stings you but does no damage.
The iguana closely misses you.
You hit Duvessa but do no damage. You hit the iguana.
You hit the scorpion but do no damage.
You feel sick. Duvessa hits you with a +0 short sword!
The scorpion stings you but does no damage.
You barely miss Duvessa. You tail-slap Duvessa.
Duvessa is lightly wounded.
You hit the scorpion. You closely miss the iguana.
You feel sick. Duvessa hits you but does no damage.
The iguana bites you but does no damage.
The scorpion stings you.
* * * LOW HITPOINT WARNING * * *
You feel sick.
The iguana hisses menacingly.
You hit Duvessa but do no damage.
Duvessa is lightly wounded.
You feel sick. You block Duvessa's attack.
Duvessa hits you with a +0 short sword!
* * * LOW HITPOINT WARNING * * *
You slash Duvessa!
Duvessa is moderately wounded.
You hit the scorpion.
You kill the scorpion!
* * * LOW HITPOINT WARNING * * *
You feel sick. Duvessa hits you with a +0 short sword!
You die...

.. ...#+###..
... #.........
##.## #.........
#.....#.......[.
#.....+........#
#.....#.........
#..............
#.....@<#
......#e##
...#..llO.....#
. #.#..r...... #
..#....... ...
....... ....
.#..... #....
##.#### #.... ..


You could see Duvessa (berserk), an ogre, 2 iguanas and a quokka.

Vanquished Creatures
  Sigmund (D:2)
  2 kobold brigands (Sewer)
  2 scorpions
  Dowan (D:5)
  A howler monkey (D:4)
  A jelly (D:4)
  3 orc priests (D:3)
  An iguana (D:4)
  Terence (D:2)
  An orc wizard (D:3)
  3 adders (D:2)
  3 gnolls (D:4)
  3 river rats (Sewer)
  2 worms
  7 orcs
  6 ball pythons
  5 endoplasms
  A giant cockroach (D:2)
  7 goblins
  10 hobgoblins
  12 jackals
  5 quokkas
  2 bats (D:3)
  4 frilled lizards
  7 kobolds
  8 rats
99 creatures vanquished.

Notes
Turn   | Place    | Note
-------+----------+-------------------------------------------
     0 | D:1      | Kangaroobicon the Palentonga Fighter began the quest for
                  | the Orb.
     0 | D:1      | Reached XP level 1. HP: 19/19 MP: 1/1
   146 | D:1      | Reached XP level 2. HP: 8/25 MP: 2/2
   769 | D:2      | Reached XP level 3. HP: 27/31 MP: 3/3
   842 | D:2      | Noticed Terence
   849 | D:2      | Killed Terence
   867 | D:2      | Reached skill level 3 in Axes
   867 | D:2      | Reached XP level 4. HP: 28/37 MP: 4/4
   933 | D:2      | Reached skill level 1 in Dodging
  1077 | D:2      | Noticed Sigmund
  1098 | D:2      | Killed Sigmund
  1099 | D:2      | Reached skill level 4 in Axes
  1099 | D:2      | Reached XP level 5. HP: 33/44 MP: 5/5
  1451 | D:3      | Reached XP level 6. HP: 42/51 MP: 6/6
  1479 | D:3      | Found a glowing drain.
  1494 | Sewer    | Entered a sewer
  1511 | Sewer    | HP: 2/51 [river rat (5)]
  1973 | Sewer    | Found a white marble altar of Elyvilon.
  1982 | Sewer    | Became a worshipper of Elyvilon the Healer
  2207 | D:3      | Gained mutation: You curl defensively after being hit. (AC
                  | +7*) [Palentonga growth]
  2207 | D:3      | Reached XP level 7. HP: 23/56 MP: 7/7
  2307 | D:3      | Found a faded altar of an unknown god.
  2370 | D:3      | Reached skill level 5 in Axes
  2959 | D:4      | Found a glowing golden altar of the Shining One.
  2992 | D:4      | Found an opulent altar of Gozag.
  2994 | D:4      | Found a radiant altar of Vehumet.
  2994 | D:4      | Found a blossoming altar of Fedhas.
  2998 | D:4      | Fell from the grace of Elyvilon
  2998 | D:4      | Became a worshipper of the Shining One
  3573 | D:5      | Entered Level 5 of the Dungeon
  3574 | D:5      | Noticed Duvessa
  3574 | D:5      | Noticed Dowan
  3585 | D:5      | Killed Dowan
  3590 | D:5      | HP: 2/58 [Duvessa/+0 short sword (11)]
  3591 | D:5      | Mangled by Duvessa

Illustrated notes

Levels and vault maps discovered:
D:1:      psy_arrival_radial02, layout_rooms, serial_bayou,
          serial_bayou_crossing, serial_bayou_pond_d, serial_bayou_ford_a,
          serial_bayou_pond_a
D:2:      layout_basic, nrook_mini_vaults, minmay_tetromino_o2, uniq_sigmund,
          uniq_terence
D:3:      layout_loops_ring, hellmonk_ecumenical_altar_crossroads,
          gup_sewer_entry_bowl
D:4:      layout_basic, grunt_temple_overflow_open
D:5:      layout_basic, cheibriados_altar_2, gammafunk_ghost_split,
          hangedman_decor_peaks_small, uniq_duvessa

Skill      XL: |  1  2  3  4  5  6  7 |
---------------+----------------------+-----
Armour         | 3 4 |  4.3
Axes           | 3 4 5 |  5.9
Dodging        | 1 |  1.5
Shields        | 3 |  3.4
Fighting       | 4 |  4.3

Action                   |  1- 3 |  4- 6 |  7- 9 || total
-------------------------+-------+-------+-------++-------
Melee: War axe           |    64 |   156 |    84 ||   304
       Tailslap          |     8 |    16 |    17 ||    41
Throw: Dart              |       |       |     2 ||     2
  Use: Potion            |     1 |     2 |     4 ||     7
       Scroll            |       |     2 |     6 ||     8
Armor: Scale mail        |    23 |    69 |    29 ||   121
Dodge: Dodged            |    32 |    63 |    22 ||   117
Block: Buckler           |    12 |    27 |    14 ||    53
